 Dungeon Crawl Stone Soup version 0.29-a0-330-g52719c12eb (webtiles) character file.

Game seed: 8320574807486190235

242 kae the Firebug (level 6, -2/35 HPs)
             Began as a Tengu Fire Elementalist on Apr 15, 2022.
             Killed by divine providence
             ... invoked by an orc priest
              (11 damage)
             ... on level 3 of the Dungeon.
             The game lasted 00:02:55 (3669 turns).

kae the Firebug (Tengu Fire Elementalist)           Turns: 3669, Time: 00:02:56

Health: -2/35      AC:  2    Str:  9    XL:     6   Next: 9%
Magic:  5/11       EV: 15    Int: 23    God:
Gold:   120        SH:  0    Dex: 14    Spells: 4/10 levels left

rFire   . . .      SeeInvis .   (no weapon)
rCold   . . .      Faith    .   (no shield)
rNeg    . . .      Spirit   .   a - +0 robe
rPois   .          Reflect  .   (helmet restricted)
rElec   .          Harm     .   (no cloak)
rCorr   .          Rampage  .   (no gloves)
Will    .....                   (boots unavailable)
Stlth   ++........              (no amulet)
HPRegen 0.11/turn               h - +6 ring of intelligence
MPRegen 0.12/turn               j - ring of wizardry

@: mighty, brilliant, flying quickly and evasively, quick
A: beak, talons 3, nimble flight
a: no special abilities


You were on level 3 of the Dungeon.
You visited 1 branch of the dungeon, and saw 3 of its levels.

You collected 120 gold pieces.

Inventory:

Armour
 a - a +0 robe (worn)
Jewellery
 g - a +6 ring of dexterity
 h - a +6 ring of intelligence (left hand)
 j - a ring of wizardry (right hand)
Scrolls
 c - a scroll of teleportation
 l - a scroll of enchant weapon
Potions
 b - a potion of magic
 d - a potion of curing
 e - 2 potions of degeneration


   Skills:
 + Level 2.0 Fighting
 + Level 3.3 Dodging
 - Level 2.0 Stealth
 + Level 2.8 Spellcasting
 + Level 3.3 Conjurations
 * Level 5.0 Fire Magic


You had 4 spell levels left.
You knew the following spells:

 Your Spells              Type           Power      Damage    Failure   Level
a - Foxfire               Conj/Fire      100%       2x1d9     1%          1
b - Scorch                Fire           78%        2d8       1%          2
c - Conjure Flame         Conj/Fire      33%        6-21      2%          3

Your spell library contained the following spells:

 Spells                   Type           Power      Damage    Failure   Level
 Inner Flame              Hex/Fire       22%        N/A       5%          3
 Ignite Poison            Fire/Tmut/Pois 16%        N/A       8%          3
 Mephitic Cloud           Conj/Pois/Air  12%        N/A       9%          3
 Flame Wave               Conj/Fire      33%        2d8       9%          4
 Ozocubu's Armour         Ice            4%         N/A       14%         3
 Freezing Cloud           Conj/Ice/Air   6%         6-21      61%         5
 Ozocubu's Refrigeration  Ice            2%         4d5       100%        7
 Borgnjor's Revivificati  Necr           2%         N/A       100%        8
 Necromutation            Tmut/Necr      2%         N/A       100%        8
 Death's Door             Necr           2%         N/A       100%        9


Dungeon Overview and Level Annotations

Branches:
Dungeon (3/15)

Altars:

Annotations:
D:2 1 runed translucent door, Crazy Yiuf, Sigmund


Innate Abilities, Weirdness & Mutations

You have a beak for a mouth.
You have claws for feet.
Your magical nature lets you fly swiftly and evasively.


Message History

Pain shoots through your body!
You hear a shout!
Casting: Foxfire (safe; 1% risk of failure)
Confirm with . or Enter, or press ? or * to list all spells.
You can't see any susceptible monsters within range! (Use Z to cast anyway.)
An orc comes into view. It is wielding a +0 club.
Casting: Foxfire (safe; 1% risk of failure)
Confirm with . or Enter, or press ? or * to list all spells.
You conjure some foxfire!
The foxfire hits the orc.
The orc is heavily wounded.
An orc priest comes into view. It is wielding a +0 short sword.
Casting: Foxfire (safe; 1% risk of failure)
Confirm with . or Enter, or press ? or * to list all spells.
Flames lash the orc priest.
The orc priest is heavily wounded.
The orc priest's fire resistance burns away.
The foxfire hits the orc!
You kill the orc!
The orc priest mumbles some strange prayers to Beogh against you.
Beogh smites you!
Your foxfire dissipates!
Casting: Scorch (safe; 1% risk of failure)
Confirm with . or Enter, or press ? or * to list all spells.
Flames lash the orc priest.
The orc priest is burned terribly!
You kill the orc priest!
The orc priest calls down the wrath of Beogh upon you.
Beogh smites you!
* * * LOW HITPOINT WARNING * * *
Your Fighting skill increases to level 2!
Your Fire Magic skill increases to level 5!
You have reached level 6!
It was a potion of flight.
You feel more buoyant.
It was a potion of might.
You feel very mighty all of a sudden.
It was a potion of brilliance.
You feel clever all of a sudden.
The orc priest calls down the wrath of Beogh upon you.
Beogh smites you!
You die...

#..... #. #....
#.##.... .###.#....
###.......ยง).
###... ....#.#
......###.#.#o# #.
#...#..##.#.#.#
#.##...........@.#
##.#..###.......###
#....)..........#
.....).###......#
.....).##...###.##
.....).##....##..#
#.[..<.##.##.##..#
#......##.##.##..#
#.........##.###.#


You could see an orc priest.

Vanquished Creatures
  An orc priest (D:3)
  Jessica (D:2)
  Natasha (thrice) (D:2)
  An orc wizard (D:3)
  2 adders (D:2)
  2 worms
  5 orcs (D:3)
  5 ball pythons
  3 bats
  An endoplasm (D:1)
  A giant cockroach (D:2)
  6 goblins
  9 hobgoblins
  6 jackals (D:2)
  3 kobolds (D:1)
  2 quokkas (D:1)
  A frilled lizard (D:1)
  4 rats (D:1)
56 creatures vanquished.

Vanquished Creatures (collateral kills)
  A bat (D:1)
1 creature vanquished.

Vanquished Creatures (others)
  102 foxfires
102 creatures vanquished.

Grand Total: 159 creatures vanquished

Notes
Turn   | Place    | Note
-------+----------+-------------------------------------------
     0 | D:1      | kae the Tengu Fire Elementalist began the quest for the
                  | Orb.
     0 | D:1      | Reached XP level 1. HP: 10/10 MP: 4/4
   179 | D:1      | Reached XP level 2. HP: 16/16 MP: 4/6
   697 | D:1      | Reached skill level 1 in Fighting
   701 | D:1      | Reached XP level 3. HP: 20/20 MP: 1/7
   704 | D:1      | Learned a level 2 spell: Scorch
   708 | D:1      | Learned a level 3 spell: Conjure Flame
  1207 | D:2      | Noticed Sigmund
  1456 | D:2      | Found a faded altar of an unknown god.
  1498 | D:2      | Noticed Natasha
  1512 | D:2      | Killed Natasha
  1513 | D:2      | Reached skill level 4 in Fire Magic
  1513 | D:2      | Reached XP level 4. HP: 14/25 MP: 1/8
  1634 | D:2      | Noticed Natasha
  1639 | D:2      | Killed Natasha
  1785 | D:2      | Found a runed translucent door.
  1786 | D:2      | Noticed Crazy Yiuf
  1922 | D:2      | Noticed Natasha
  1925 | D:2      | Killed Natasha
  1926 | D:2      | Gained mutation: Your magical nature lets you fly swiftly
                  | and evasively. [Tengu growth]
  1926 | D:2      | Reached XP level 5. HP: 24/29 MP: 2/9
  3086 | D:3      | Noticed Jessica
  3099 | D:2      | Killed Jessica
  3667 | D:3      | Reached skill level 5 in Fire Magic
  3667 | D:3      | Reached XP level 6. HP: 8/35 MP: 5/11
  3669 | D:3      | Killed from afar by an orc priest

Illustrated notes

Levels and vault maps discovered:
D:1:      psy_arrival_dodecagon, layout_basic, minmay_tromino_mix6
D:2:      layout_loops_corners, shapermc_ecumenical_altar_notcrosses,
          uniq_sigmund, uniq_natasha, uniq_crazy_yiuf_cottage
D:3:      layout_rooms, lemuel_doored_altar, uniq_jessica

Skill      XL: |  1  2  3  4  5 |
---------------+----------------+-----
Fighting       | 1 2 |  2.0
Conjurations   | 2 3 |  3.3
Fire Magic     | 4 5 |  5.0
Dodging        | 3 |  3.3
Stealth        | |  2.0
Spellcasting   | |  2.8

Action                   |  1- 3 |  4- 6 || total
-------------------------+-------+-------++-------
Melee: Unarmed           |    30 |       ||    30
       Kick              |     8 |       ||     8
       Peck              |     4 |       ||     4
 Cast: Foxfire           |    36 |    27 ||    63
       Scorch            |     7 |    20 ||    27
  Use: Scroll            |     4 |     6 ||    10
       Potion            |       |     3 ||     3
Armor: Robe              |     7 |       ||     7
Dodge: Dodged            |    27 |    12 ||    39

Table legend: (Time is in decaauts)
 A = Elapsed time spent in this place.
 B = Non-inter-level travel time spent in this place.
 C = Inter-level travel time spent in this place.
 D = Time resting spent in this place.
 E = Time spent auto-exploring this place.
 F = Levels seen in this place.
 G = Mean time per level.
                   A        B        C        D        E       F      G
               +--------+--------+--------+--------+--------+-----+--------+
         Total |   3583 |   3452 |    131 |    490 |   2603 |   3 | 1194.3 |
       Dungeon |   3583 |   3452 |    131 |    490 |   2603 |   3 | 1194.3 |
               +--------+--------+--------+--------+--------+-----+--------+

Top non-repeatable levels by time:
     D:2: 2284 daAuts
     D:1: 1110 daAuts
     D:3: 189 daAuts
